 Dungeon Crawl Stone Soup version 0.25-a0-479-g8579842fd4 (webtiles) character file.

Game seed: 14213528348677203388, levelgen mode: deterministic

111 Error4North the Covered (level 4, -6/40 HPs)
             Began as a Hill Orc Fighter on Feb 9, 2020.
             Mangled by Terence
             ... wielding a +2 short sword of electrocution
              (20 damage)
             ... on level 3 of the Dungeon.
             The game lasted 00:04:08 (1993 turns).

Error4North the Covered (Hill Orc Fighter)          Turns: 1993, Time: 00:04:08

Health: -6/40      AC:  8    Str: 19    XL:     4   Next: 92%
Magic:  4/4        EV:  7    Int:  8    God:
Gold:   134        SH:  9    Dex: 10    Spells: 3/3 levels left

rFire    . . .     SeeInvis .   a - +0 war axe
rCold    . . .     Gourm    .   c - +0 shield
rNeg     . . .     Faith    .   b - +0 scale mail
rPois    .         Spirit   .   (no helmet)
rElec    .         Reflect  .   (no cloak)
rCorr    .         Harm     .   (no gloves)
MR       .....                  l - +0 pair of boots
Stlth    ..........             (no amulet)
HPRegen  0.13/turn              (no ring)
MPRegen  0.09/turn              (no ring)

@: no status effects
A: no striking features
a: no special abilities


You were on level 3 of the Dungeon.
You were not hungry.

You visited 1 branch of the dungeon, and saw 3 of its levels.

You collected 134 gold pieces.

Inventory:

Hand Weapons
 a - a +0 war axe (weapon)
Armour
 b - a +0 scale mail (worn)
 c - a +0 shield (worn)
 l - a +0 pair of boots (worn)
Jewellery
 j - a +5 ring of dexterity {unknown}
 o - an uncursed ring of poison resistance {unknown}
 p - an uncursed ring of protection from cold {unknown}
Scrolls
 e - 3 scrolls of remove curse {unknown}
 g - 6 scrolls of identify {unknown}
 h - a scroll of amnesia {unknown}
 k - a scroll of enchant weapon {unknown}
 m - 2 scrolls of magic mapping {unknown}
 q - a scroll of teleportation {unknown}
Potions
 d - a potion of might
 i - a potion of magic {unknown}
 n - 4 potions of heal wounds {unknown}
Comestibles
 f - 4 rations
 r - 3 chunks of flesh


   Skills:
 + Level 4.0 Fighting
 + Level 4.0 Axes
 * Level 4.5 Armour
 + Level 0.1 Dodging
 * Level 4.0 Shields


You had 3 spell levels left.
You didn't know any spells.
Your spell library was empty.

Dungeon Overview and Level Annotations

Branches:
Dungeon (3/15)

Altars:
Trog

Annotations:
D:3 Terence


Message History

You hit Terence.
Terence is heavily wounded.
Terence hits you but does no damage.
You hit Terence.
Terence is severely wounded.
Terence hits you but does no damage. You block Terence's attack.
You barely miss Terence.
Terence is severely wounded.
Terence hits you but does no damage.
You are electrocuted!
You closely miss Terence.
Terence is severely wounded.
Terence hits you but does no damage. x2
You hit Terence but do no damage.
Terence is severely wounded.
Terence hits you but does no damage.
You are electrocuted!
You hit Terence but do no damage.
Terence is severely wounded.
Terence hits you but does no damage.
You are electrocuted!!
Ouch! That really hurt!
You die...

######.#.# #..........
#.#.# #.######... #.#.#
###.########.# #.#.#
#..........#.# #.#.#
#.#.######+#.# #.#.#
#.#..........# .#####.#.#
#.....†......#
......g#.###########....#
.....Sb@@...............#
......#############.....#
..... #...... ...S
#.###.# ... #.# #.# ..
#.# #(# # #.# #.# #.# #.#
#.. ...


You could see Terence, a hobgoblin, a bat and a ball python.

Vanquished Creatures
  3 gnolls (D:3)
  3 adders
  A dart slug (D:3)
  A worm (D:2)
  3 leopard geckos
  4 giant cockroaches
  12 goblins
  2 hobgoblins
  3 quokkas
  7 bats
  2 frilled lizards (D:1)
  2 kobolds
  4 rats
47 creatures vanquished.

Notes
Turn   | Place    | Note
-------+----------+-------------------------------------------
     0 | D:1      | Error4North the Hill Orc Fighter began the quest for the
                  | Orb.
     0 | D:1      | Reached XP level 1. HP: 19/19 MP: 1/1
   177 | D:1      | Reached XP level 2. HP: 26/27 MP: 2/2
   654 | D:1      | Reached XP level 3. HP: 33/33 MP: 3/3
  1296 | D:2      | Found a bloodstained altar of Trog.
  1378 | D:2      | Reached XP level 4. HP: 40/40 MP: 4/4
  1982 | D:3      | Noticed Terence
  1993 | D:3      | Mangled by Terence

Levels and vault maps discovered:
D:1:      mrwooster_arrival_statue_3, layout_basic
D:2:      layout_loops_cross, lemuel_coloured_pillars_altar,
          chequers_mini_garden
D:3:      layout_basic, uniq_robin, uniq_terence, uniq_jessica, uniq_ijyb

Skill      XL: |  1  2  3  4 |
---------------+-------------+-----
Axes           | 3 4 |  4.0
Armour         | 4 |  4.5
Fighting       | 4 |  4.0
Shields        | 4 |  4.0
Dodging        | |  0.1

Action                   |  1- 3 |  4- 6 || total
-------------------------+-------+-------++-------
Melee: War axe           |   123 |    44 ||   167
  Eat: Chunk             |     1 |     3 ||     4
Armor: Scale mail        |    71 |    24 ||    95
Dodge: Dodged            |    52 |    10 ||    62
Block: Shield            |    77 |    23 ||   100

Table legend:
 A = Non-vault XP
 B = Vault XP
 C = Vault XP percentage of total XP
 D = Non-vault monster count
 E = Vault monster count
 F = Vault count percentage of total count
                 A         B        C        D         E       F
            +---------+---------+-------+---------+---------+-------
      Total |     159 |       0 |   0.0 |      47 |       0 |   0.0
            +---------+---------+-------+---------+---------+-------
        D:1 |      37 |       0 |   0.0 |      22 |       0 |   0.0
        D:2 |      49 |       0 |   0.0 |      14 |       0 |   0.0
        D:3 |      73 |       0 |   0.0 |      11 |       0 |   0.0
            +---------+---------+-------+---------+---------+-------
